TOP OF THE 1ST |
---|
El Dorado Oilers batting - Pitching for Nevada Noise : RHP Dan Wilson | Pitching: RHP Dan Wilson | | Batting: LHB Mathew Clayton | 0-0: Called Strike 0-1: Foul Ball, location: 2F 0-2: Ball 1-2: Ball 2-2: Foul Ball, location: 2F 2-2: DOUBLE (Line Drive, 7LM) | Batting: SHB Theron Harper | 0-0: Ball 1-0: Fly out, F8 (Flyball, 8LM) | Batting: LHB Ashley Pickhills | 0-0: Called Strike Mathew Clayton steals 3rd base 0-1: Ball 1-1: Ball 2-1: Ground out 4-3 (Groundball, 4) Mathew Clayton scores | Batting: RHB Ernesto Acosta | 0-0: Called Strike 0-1: Ball 1-1: Foul Ball, location: 2F 1-2: Foul Ball, location: 2F 1-2: Strikes out swinging | Top of the 1st over - 1 run, 1 hit, 0 errors, 0 left on base; El Dorado 1 - Nevada 0 | BOTTOM OF THE 1ST |
---|
Nevada Noise batting - Pitching for El Dorado Oilers : RHP Barton Johnson | Pitching: RHP Barton Johnson | | Batting: RHB Pedro Rosado | 0-0: Called Strike 0-1: Fly out, F8 (Flyball, 89D) | Batting: SHB Víctor Serrano | 0-0: Called Strike 0-1: Swinging Strike 0-2: Foul Ball, location: 2F 0-2: Strikes out looking | Batting: LHB Santiago Márquez | 0-0: Ball 1-0: Called Strike 1-1: Ball 2-1: Ball 3-1: Base on Balls | Batting: RHB Luis Cruz | 0-0: Fly out, F5 (Line Drive, 5S) | Bottom of the 1st over - 0 runs, 0 hits, 0 errors, 1 left on base; El Dorado 1 - Nevada 0 | TOP OF THE 2ND |
---|
El Dorado Oilers batting - Pitching for Nevada Noise : RHP Dan Wilson | Batting: RHB Juan Mendoza | 0-0: Swinging Strike 0-1: Called Strike 0-2: Strikes out swinging | Batting: LHB Chris Miller | 0-0: Ball 1-0: Ball 2-0: Foul Ball, location: 2F 2-1: Foul Ball, location: 2F 2-2: Foul Ball, location: 2F 2-2: Ball 3-2: Base on Balls | Batting: RHB Bob Johnson | 0-0: Called Strike 0-1: Called Strike 0-2: Strikes out swinging | Batting: RHB Sixto Vélez | 0-0: Ball 1-0: Ball 2-0: Ball 3-0: Base on Balls Chris Miller to second | Batting: RHB José Carlos Caraballo | 0-0: Ball 1-0: Ball 2-0: Swinging Strike 2-1: Ball 3-1: Fielders Choice at 2nd, U4 (Groundball, 4M) | Top of the 2nd over - 0 runs, 0 hits, 0 errors, 2 left on base; El Dorado 1 - Nevada 0 | BOTTOM OF THE 2ND |
---|
Nevada Noise batting - Pitching for El Dorado Oilers : RHP Barton Johnson | Batting: LHB Pablo Reyes | 0-0: Called Strike 0-1: Ball 1-1: Fly out, F7 (Flyball, 7LSF) | Batting: RHB Rich Ruffin | 0-0: Fly out, F9 (Flyball, 9S) | Batting: LHB Milton Watson | 0-0: Ball 1-0: Foul Ball, location: 2F 1-1: Ground out 4-3 (Groundball, 4) | Bottom of the 2nd over - 0 runs, 0 hits, 0 errors, 0 left on base; El Dorado 1 - Nevada 0 | TOP OF THE 3RD |
---|
El Dorado Oilers batting - Pitching for Nevada Noise : RHP Dan Wilson | Batting: LHB Mathew Clayton | 0-0: Ball 1-0: Ball 2-0: Called Strike 2-1: Ground out 6-3 (Groundball, 6) | Batting: SHB Theron Harper | 0-0: Foul Ball, location: 2F 0-1: Fly out, F6 (Popup, 6M) | Batting: LHB Ashley Pickhills | 0-0: Ball 1-0: Ground out 6-3 (Groundball, 6MS) | Top of the 3rd over - 0 runs, 0 hits, 0 errors, 0 left on base; El Dorado 1 - Nevada 0 | BOTTOM OF THE 3RD |
---|
Nevada Noise batting - Pitching for El Dorado Oilers : RHP Barton Johnson | Batting: RHB Fernando Gálvez | 0-0: Foul Ball, location: 2F 0-1: Swinging Strike 0-2: Ball 1-2: Foul Ball, location: 2F 1-2: Ball 2-2: Strikes out swinging | Batting: RHB Bill Mark | 0-0: Foul Ball, location: 2F 0-1: Fly out, F1 (Line Drive, 15) | Batting: RHB Pedro Rosado | 0-0: Called Strike 0-1: Ball 1-1: Ground out 5-3 (Groundball, 56) | Bottom of the 3rd over - 0 runs, 0 hits, 0 errors, 0 left on base; El Dorado 1 - Nevada 0 | TOP OF THE 4TH |
---|
El Dorado Oilers batting - Pitching for Nevada Noise : RHP Dan Wilson | Batting: RHB Ernesto Acosta | 0-0: Ball 1-0: Ball 2-0: Foul Ball, location: 2F 2-1: Fly out, F9 (Line Drive, 9D) | Batting: RHB Juan Mendoza | 0-0: SOLO HOME RUN (Flyball, 7LD), Distance : 373 ft | Batting: LHB Chris Miller | 0-0: Called Strike 0-1: Ball 1-1: Ball 2-1: Fly out, F6 (Line Drive, 56) | Batting: RHB Bob Johnson | 0-0: Fly out, F7 (Flyball, 7) | Top of the 4th over - 1 run, 1 hit, 0 errors, 0 left on base; El Dorado 2 - Nevada 0 | BOTTOM OF THE 4TH |
---|
Nevada Noise batting - Pitching for El Dorado Oilers : RHP Barton Johnson | Batting: SHB Víctor Serrano | 0-0: Foul Ball, location: 2F 0-1: Ball 1-1: Ball 2-1: SINGLE (Flyball, 78S) | Batting: LHB Santiago Márquez | 0-0: Called Strike 0-1: Ground out U3 (Groundball, 34S) Víctor Serrano to second | Batting: RHB Luis Cruz | 0-0: Called Strike 0-1: Ball 1-1: SINGLE (Flyball, 9S) Víctor Serrano to third | Batting: LHB Pablo Reyes | 0-0: 3-RUN HOME RUN (Flyball, 9LD), Distance : 381 ft | Batting: RHB Rich Ruffin | 0-0: Foul Ball, location: 2F 0-1: SINGLE (Line Drive, 8LS) | Batting: LHB Milton Watson | 0-0: Called Strike 0-1: Ball 1-1: Ball 2-1: Ball 3-1: Base on Balls Rich Ruffin to second | Batting: RHB Fernando Gálvez | 0-0: Reached on error, E6 (Groundball, 6M) Rich Ruffin to third Milton Watson to second | Batting: RHB Bill Mark | 0-0: Swinging Strike 0-1: Ball 1-1: Foul Ball, location: 2F 1-2: Fly out, F7 (Line Drive, 78M) Runner from 3rd tags up, SCORES, no throw | Batting: RHB Pedro Rosado | 0-0: Called Strike 0-1: Ball 1-1: Ball 2-1: Ball 3-1: Foul Ball, location: 2F 3-2: Foul Ball, location: 2F 3-2: SINGLE (Line Drive, 56) Milton Watson to third Fernando Gálvez to second Milton Watson scores Fernando Gálvez to third | Batting: SHB Víctor Serrano | 0-0: Called Strike 0-1: Called Strike 0-2: Ball 1-2: SINGLE (Flyball, 7LS) Fernando Gálvez scores Pedro Rosado to second Runner from 2nd tries for 3rd, SAFE, throw made to third | Batting: LHB Santiago Márquez | 0-0: SINGLE (Line Drive, 34) Pedro Rosado scores Víctor Serrano to second | Pitching: RHP Ken Lyons | | Batting: RHB Luis Cruz | 0-0: Fly out, F9 (Line Drive, 89S) | Bottom of the 4th over - 7 runs, 7 hits, 1 error, 2 left on base; El Dorado 2 - Nevada 7 | TOP OF THE 5TH |
---|
El Dorado Oilers batting - Pitching for Nevada Noise : RHP Dan Wilson | Batting: RHB Sixto Vélez | 0-0: Ball 1-0: Ball 2-0: Ground out 6-3 (Groundball, 6) | Batting: RHB José Carlos Caraballo | 0-0: Ball 1-0: Ground out 6-3 (Groundball, 6) | Batting: LHB Mathew Clayton | 0-0: Swinging Strike 0-1: Ball 1-1: Swinging Strike 1-2: Ball 2-2: Ball 3-2: Base on Balls | Batting: SHB Theron Harper | 0-0: Called Strike 0-1: Ball 1-1: Foul Ball, location: 2F 1-2: Reached on error, E5 (Groundball, 56) Mathew Clayton to third | Batting: LHB Ashley Pickhills | 0-0: Fly out, F8 (Flyball, 8LD) | Top of the 5th over - 0 runs, 0 hits, 1 error, 2 left on base; El Dorado 2 - Nevada 7 | BOTTOM OF THE 5TH |
---|
Nevada Noise batting - Pitching for El Dorado Oilers : RHP Ken Lyons | Batting: LHB Pablo Reyes | 0-0: Fly out, F8 (Line Drive, 8RD) | Batting: RHB Rich Ruffin | 0-0: Ball 1-0: SINGLE (Line Drive, 8LS) | Batting: LHB Milton Watson | 0-0: DOUBLE (Flyball, 8RXD) Rich Ruffin to third Runner from 3rd tries for Home, SAFE, no throw | Batting: RHB Fernando Gálvez | 0-0: Foul Ball, location: 2F 0-1: Swinging Strike 0-2: Ball 1-2: Foul Ball, location: 2F 1-2: Foul Ball, location: 2F 1-2: Ground out U3 (Groundball, 34S) Milton Watson to third | Batting: RHB Bill Mark | 0-0: Foul Ball, location: 2F 0-1: Ball 1-1: Foul Ball, location: 2F 1-2: Ball 2-2: Ball 3-2: Foul Ball, location: 2F 3-2: Base on Balls | Batting: RHB Pedro Rosado | 0-0: Ball 1-0: Ball 2-0: Ball 3-0: Called Strike 3-1: Fly out, F8 (Flyball, 8LD) | Bottom of the 5th over - 1 run, 2 hits, 0 errors, 2 left on base; El Dorado 2 - Nevada 8 | TOP OF THE 6TH |
---|
El Dorado Oilers batting - Pitching for Nevada Noise : RHP Dan Wilson | Batting: RHB Ernesto Acosta | 0-0: Called Strike 0-1: Foul Ball, location: 2F 0-2: Ball 1-2: Ball 2-2: SINGLE (Line Drive, 6MD) | Batting: RHB Juan Mendoza | 0-0: Called Strike 0-1: 2-RUN HOME RUN (Flyball, 89XD), Distance : 435 ft | Batting: LHB Chris Miller | 0-0: Ball 1-0: Ground out 4-3 (Groundball, 4M) | Batting: RHB Bob Johnson | 0-0: Swinging Strike 0-1: Ball 1-1: Ball 2-1: Ball 3-1: Base on Balls | Pitching: RHP Luis Cortéz | | Batting: RHB Sixto Vélez | 0-0: Called Strike 0-1: Ball 1-1: DOUBLE (Line Drive, 9LS) Bob Johnson to third | Batting: RHB José Carlos Caraballo | 0-0: Called Strike 0-1: Ball 1-1: Ball 2-1: Foul Ball, location: 2F 2-2: Ball 3-2: Ground out 5-3 (Groundball, 56) Bob Johnson scores | Batting: LHB Mathew Clayton | 0-0: Called Strike 0-1: Ball 1-1: Called Strike 1-2: Strikes out swinging | Top of the 6th over - 3 runs, 3 hits, 0 errors, 1 left on base; El Dorado 5 - Nevada 8 | BOTTOM OF THE 6TH |
---|
Nevada Noise batting - Pitching for El Dorado Oilers : RHP Ken Lyons | Batting: SHB Víctor Serrano | 0-0: SOLO HOME RUN (Flyball, 9LD), Distance : 454 ft | Pitching: RHP César López | | Batting: LHB Santiago Márquez | 0-0: Foul Ball, location: 2F 0-1: DOUBLE (Groundball, 5L) | Batting: RHB Luis Cruz | 0-0: Intentional Walk | Batting: LHB Pablo Reyes | 0-0: Called Strike 0-1: Grounds into double play, 4-6-3 (Groundball, 4) Santiago Márquez to third | Batting: RHB Rich Ruffin | 0-0: Ball 1-0: Ball 2-0: Foul Ball, location: 2F 2-1: Ball 3-1: Base on Balls | Batting: LHB Milton Watson | 0-0: Ball 1-0: Ball 2-0: Ball 3-0: Called Strike 3-1: Fly out, F7 (Flyball, 7S) | Bottom of the 6th over - 1 run, 2 hits, 0 errors, 2 left on base; El Dorado 5 - Nevada 9 | TOP OF THE 7TH |
---|
El Dorado Oilers batting - Pitching for Nevada Noise : RHP Luis Cortéz | Batting: SHB Theron Harper | 0-0: Called Strike 0-1: Ball 1-1: SINGLE (Flyball, 7S) | Batting: LHB Ashley Pickhills | 0-0: Foul Ball, location: 2F 0-1: Ball 1-1: Ball 2-1: Ball 3-1: Base on Balls Theron Harper to second | Batting: RHB Ernesto Acosta | 0-0: Grounds into double play, 5-4-3 (Groundball, 5) Theron Harper to third | Batting: RHB Juan Mendoza | 0-0: Ground out 4-3 (Groundball, 4) | Top of the 7th over - 0 runs, 1 hit, 0 errors, 1 left on base; El Dorado 5 - Nevada 9 | BOTTOM OF THE 7TH |
---|
Nevada Noise batting - Pitching for El Dorado Oilers : RHP César López | Batting: RHB Fernando Gálvez | 0-0: Fly out, F7 (Flyball, 7) | Batting: RHB Bill Mark | 0-0: Ball 1-0: SINGLE (Line Drive, 7S) | Batting: RHB Pedro Rosado | 0-0: Ball 1-0: Called Strike 1-1: Ground out 4-3 (Groundball, 34) Bill Mark to second | Batting: SHB Víctor Serrano | 0-0: Ball 1-0: Ball 2-0: Foul Ball, location: 2F 2-1: Ball 3-1: Called Strike 3-2: DOUBLE (Flyball, 8LXD) Bill Mark scores | Batting: LHB Santiago Márquez | 0-0: Ball 1-0: Ball 2-0: Ball 3-0: Called Strike 3-1: Ground out U3 (Groundball, 3L) | Bottom of the 7th over - 1 run, 2 hits, 0 errors, 1 left on base; El Dorado 5 - Nevada 10 | TOP OF THE 8TH |
---|
El Dorado Oilers batting - Pitching for Nevada Noise : RHP Luis Cortéz | Batting: LHB Chris Miller | 0-0: Swinging Strike 0-1: Swinging Strike 0-2: Strikes out swinging | Batting: RHB Bob Johnson | 0-0: Ball 1-0: Swinging Strike 1-1: Called Strike 1-2: Ball 2-2: Ground out 6-3 (Groundball, 6S) | Batting: RHB Sixto Vélez | 0-0: Foul Ball, location: 2F 0-1: Ball 1-1: Ground out 5-3 (Groundball, 5L) | Top of the 8th over - 0 runs, 0 hits, 0 errors, 0 left on base; El Dorado 5 - Nevada 10 | BOTTOM OF THE 8TH |
---|
Nevada Noise batting - Pitching for El Dorado Oilers : RHP César López | Batting: RHB Luis Cruz | 0-0: Called Strike 0-1: Ball 1-1: Ball 2-1: Ball 3-1: Foul Ball, location: 2F 3-2: Foul Ball, location: 2F 3-2: Foul Ball, location: 2F 3-2: Fly out, F8 (Flyball, 8LXD) | Batting: LHB Pablo Reyes | 0-0: Called Strike 0-1: Foul Ball, location: 2F 0-2: Ball 1-2: Foul Ball, location: 2F 1-2: Foul Ball, location: 2F 1-2: Strikes out swinging | Batting: RHB Rich Ruffin | 0-0: Called Strike 0-1: Called Strike 0-2: Ball 1-2: Foul Ball, location: 2F 1-2: Ball 2-2: Fly out, F9 (Flyball, 89S) | Bottom of the 8th over - 0 runs, 0 hits, 0 errors, 0 left on base; El Dorado 5 - Nevada 10 | TOP OF THE 9TH |
---|
El Dorado Oilers batting - Pitching for Nevada Noise : RHP Luis Cortéz | Batting: RHB José Carlos Caraballo | 0-0: Swinging Strike 0-1: Ball 1-1: Ball 2-1: Foul Ball, location: 2F 2-2: SINGLE (Groundball, 56D) | Batting: LHB Mathew Clayton | 0-0: Ball Error on foul ball, E3 1-1: Fly out, F8 (Line Drive, 8LD) | Batting: SHB Theron Harper | 0-0: Ball 1-0: Ball 2-0: Foul Ball, location: 2F 2-1: Foul Ball, location: 2F 2-2: Foul Ball, location: 2F 2-2: Ground out 3-1 (Groundball, 34S) José Carlos Caraballo to second | Batting: LHB Ashley Pickhills | 0-0: Ball 1-0: Ball 2-0: Ball 3-0: Called Strike 3-1: Foul Ball, location: 2F 3-2: DOUBLE (Flyball, 89D) José Carlos Caraballo scores | Batting: RHB Ernesto Acosta | 0-0: Ball 1-0: Called Strike 1-1: Ground out 4-3 (Groundball, 4) | Top of the 9th over - 1 run, 2 hits, 1 error, 1 left on base; El Dorado 6 - Nevada 10 | |